 Dungeon Crawl Stone Soup version 0.28-a0-297-g99b01970c5 (webtiles) character file.

Game seed: 16675814530394276944

1453 McIrco the Protected (level 8, -8/73 HPs)
             Began as a Minotaur Fighter on Aug 29, 2021.
             Killed by divine providence
             ... invoked by an orc priest
              (12 damage)
             ... on level 6 of the Dungeon.
             The game lasted 00:06:34 (5919 turns).

McIrco the Protected (Minotaur Fighter)             Turns: 5919, Time: 00:06:34

Health: -8/73      AC:  9    Str: 24    XL:     8   Next: 47%
Magic:  7/7        EV:  9    Int:  5    God:
Gold:   126        SH:  9    Dex:  9    Spells: 7/7 levels left

rFire   . . .      SeeInvis .   a - +1 war axe
rCold   . . .      Faith    .   c - +0 kite shield
rNeg    . . .      Spirit   .   b - +0 scale mail
rPois   .          Reflect  .   (helmet restricted)
rElec   .          Harm     .   (no cloak)
rCorr   .          Rampage  .   l - +0 pair of gloves
Will    .....                   (no boots)
Stlth   ..........              (no amulet)
HPRegen 0.22/turn               (no ring)
MPRegen 0.10/turn               (no ring)

@: mighty
A: horns 2, retaliatory headbutt
a: no special abilities


You were on level 6 of the Dungeon.
You visited 1 branch of the dungeon, and saw 6 of its levels.
You also visited: Sewer.

You collected 126 gold pieces.

Inventory:

Hand Weapons
 a - a +1 war axe (weapon)
 j - a +0 short sword of draining
Armour
 b - a +0 scale mail (worn)
 c - a +0 kite shield (worn)
 f - a +0 cloak
 l - a +0 pair of gloves (worn)
Jewellery
 i - a ring of protection from cold
 q - a ring of ice
Wands
 m - a wand of flame (10)
Scrolls
 e - a scroll of teleportation
 p - 2 scrolls of identify
 r - a scroll of enchant armour {unknown}
Potions
 h - a potion of mutation {unknown}
 k - 2 potions of flight
 n - a potion of haste {unknown}
 o - a potion of heal wounds {unknown}


   Skills:
 + Level 7.0 Fighting
 - Level 2.4 Axes
 + Level 8.7 Armour
 + Level 3.5 Dodging
 + Level 7.5 Shields


You had 7 spell levels left.
You didn't know any spells.
Your spell library was empty.

Dungeon Overview and Level Annotations

Branches:
Dungeon (6/15)              Sewer (visited)
 Temple: D:4-7

Altars:
Kikubaaqudgha
Makhleb
Wu Jian
Xom
Yredelemnul

Shops:
D:4 [

Annotations:
D:3 2 runed translucent doors, blacksnow's ghost, amateur HOFi
D:4 Pikel


Innate Abilities, Weirdness & Mutations

You have a pair of horns on your head.
You reflexively headbutt those who attack you in melee.


Message History

You feel better.
The orc wizard hits you but does no damage.
You feel very mighty all of a sudden. The orc wizard casts a spell at you.
You resist with some effort.
You slash the orc wizard!
The orc wizard is severely wounded.
The orc wizard barely misses you. You block the orc wizard's attack.
You feel better.
The orc wizard hits you with a +0 dagger.
You slash the orc wizard!
You kill the orc wizard!
You block the orc's attack. The orc hits you but does no damage.
You barely miss the orc.
The orc priest calls down the wrath of Beogh upon you.
Beogh smites you!
* * * LOW HITPOINT WARNING * * *
The orc hits you from afar with a +0 trident.
* * * LOW HITPOINT WARNING * * *
You block the orc's attack.
The orc priest looks braver for a moment.
Unknown command.
Okay, then.
Unknown command.
You closely miss the orc. You block the orc's attack. x2
The orc priest looks satisfied for a moment.
The orc hits you from afar with a +0 trident.
* * * LOW HITPOINT WARNING * * *
You block the orc's attack.
Unknown command.
You feel better.
The orc priest looks encouraged for a moment.
The orc barely misses you. The orc hits you with a +0 flail.
* * * LOW HITPOINT WARNING * * *
Okay, then.
Unknown command.
You barely miss the orc.
The orc priest calls down the wrath of Beogh upon you.
Beogh smites you!
You die...

..o.....#.# #PP.# ####...# ...
.... .# #PP## #......##
....##Z##.# ##P# #.......##
..##...{o### ## #.........
#......{..## #......###
#...##.o..o.###### #......... #..
#..##.o#o.oo#######......### ..
.....##.oo###o#...............
.............###@#.#####......###
.§≈.._........#.#.# #......#
.≈≈§....≈≈..#...#.# #......#
........≈≈..###.#.# #......#
....♣♣.....## #.#.# ########
♣.....# #.#.# ......# #.#.###
....## #.#...# #### #.###.#


You could see an orc priest and 2 orcs.

Vanquished Creatures
  Edmund (D:5)
  2 ogres
  3 lemures (D:5)
  A phantom (D:4)
  A kobold brigand (Sewer)
  A bullfrog (D:6)
  5 scorpions
  3 wights (D:6)
  A hound (D:6)
  3 jellies
  An iguana (D:5)
  Jessica (D:2)
  Terence (D:2)
  5 orc wizards (D:6)
  A scorpion zombie (D:5)
  10 adders
  2 river rats (Sewer)
  A white imp (D:6)
  A worm (D:2)
  A dart slug (D:2)
  8 orcs
  8 ball pythons
  7 endoplasms
  2 giant cockroaches
  4 hobgoblins
  A jackal (Sewer)
  3 quokkas
  15 bats
  3 frilled lizards
  4 goblins
  11 kobolds
  13 rats
124 creatures vanquished.

Vanquished Creatures (others)
  4 fungi (D:6)
  A withered plant (D:1)
5 creatures vanquished.

Grand Total: 129 creatures vanquished

Notes
Turn   | Place    | Note
-------+----------+-------------------------------------------
     0 | D:1      | McIrco the Minotaur Fighter began the quest for the Orb.
     0 | D:1      | Reached XP level 1. HP: 19/19 MP: 0/0
   218 | D:1      | Reached skill level 4 in Armour
   218 | D:1      | Reached XP level 2. HP: 25/26 MP: 1/1
   341 | D:1      | Found a faded altar of an unknown god.
   962 | D:2      | Reached XP level 3. HP: 13/33 MP: 2/2
  1260 | D:2      | Noticed Terence
  1276 | D:2      | Killed Terence
  1297 | D:2      | Reached XP level 4. HP: 11/40 MP: 3/3
  1639 | D:2      | Noticed Jessica
  1644 | D:2      | Killed Jessica
  1645 | D:2      | Reached skill level 5 in Armour
  1649 | D:2      | Reached skill level 1 in Dodging
  1846 | D:2      | Found a burning altar of Makhleb.
  2077 | D:3      | Reached XP level 5. HP: 36/47 MP: 4/4
  2361 | D:3      | Found a runed translucent door.
  2368 | D:3      | Noticed blacksnow's ghost (amateur HOFi)
  2416 | D:3      | Found a basalt altar of Yredelemnul.
  2417 | D:3      | Found a shimmering altar of Xom.
  2433 | D:3      | Found an ancient bone altar of Kikubaaqudgha.
  2516 | D:3      | Found a runed translucent door.
  2586 | D:3      | Reached skill level 5 in Shields
  3193 | D:4      | Noticed a phantom
  3207 | D:4      | Killed a phantom
  3265 | D:4      | Noticed an ogre
  3270 | D:4      | Killed an ogre
  3271 | D:4      | Reached skill level 5 in Fighting
  3271 | D:4      | Reached skill level 6 in Armour
  3271 | D:4      | Reached XP level 6. HP: 56/56 MP: 5/5
  3284 | D:4      | Found Luvunass's Antique Armour Emporium.
  3340 | D:4      | Noticed Pikel
  3350 | D:5      | Entered Level 5 of the Dungeon
  3416 | D:5      | HP: 2/56 [scorpion (7)]
  3482 | D:5      | Found a glowing drain.
  3549 | Sewer    | Entered a sewer
  3764 | Sewer    | Reached XP level 7. HP: 53/61 MP: 6/6
  3822 | Sewer    | Found a glowing silver altar of Zin.
  4154 | D:5      | Reached skill level 7 in Armour
  4588 | D:5      | Noticed Edmund
  4598 | D:5      | Killed Edmund
  5261 | D:6      | Reached skill level 8 in Armour
  5261 | D:6      | Reached XP level 8. HP: 52/71 MP: 7/7
  5854 | D:6      | Found an ornate altar of the Wu Jian Council.
  5917 | D:6      | HP: 2/73 [orc (5)]
  5919 | D:6      | Killed from afar by an orc priest

Illustrated notes

Levels and vault maps discovered:
D:1:      dpeg_arrival_stone_temple_mockup, layout_loops_ring,
          shapermc_ecumenical_altar_gd
D:2:      layout_rooms, basic_altar, uniq_jessica, uniq_terence
D:3:      layout_basic, grunt_temple_overflow_open, ebering_ghost_sewer_f,
          minmay_misc_feat_doors
D:4:      layout_layer_cave, serial_shops, kennysheep_little_box, uniq_pikel,
          uniq_eustachio
D:5:      layout_loops_corners, cheibrodos_sewer_entry_sluice, uniq_edmund
D:6:      old_forge, layout_basic, nicolae_wu_jian_wuxing_cycle

Skill      XL: |  1  2  3  4  5  6  7  8 |
---------------+-------------------------+-----
Armour         | 4 5 6 8 |  8.7
Shields        | 4 5 6 7 |  7.5
Fighting       | 4 5 6 7 |  7.0
Dodging        | 1 2 3 |  3.5
Axes           | |  2.4

Action                   |  1- 3 |  4- 6 |  7- 9 || total
-------------------------+-------+-------+-------++-------
Melee: War axe           |    44 |    91 |   127 ||   262
       Headbutt          |    12 |    13 |    22 ||    47
       Short sword       |    50 |    34 |       ||    84
  Use: Scroll            |       |     5 |       ||     5
       Potion            |       |     1 |     6 ||     7
Armor: Scale mail        |    54 |    60 |    59 ||   173
Dodge: Dodged            |    35 |    57 |    47 ||   139
Block: Kite shield       |    40 |    62 |    65 ||   167

Table legend: (Time is in decaauts)
 A = Elapsed time spent in this place.
 B = Non-inter-level travel time spent in this place.
 C = Inter-level travel time spent in this place.
 D = Time resting spent in this place.
 E = Time spent auto-exploring this place.
 F = Levels seen in this place.
 G = Mean time per level.
                   A        B        C        D        E       F      G
               +--------+--------+--------+--------+--------+-----+--------+
         Total |   6115 |   5974 |    141 |    424 |   4531 |   7 |  873.6 |
       Dungeon |   5742 |   5601 |    141 |    286 |   4376 |   6 |  957.0 |
         Sewer |    372 |    372 |      0 |    138 |    154 |   1 |  372.0 |
               +--------+--------+--------+--------+--------+-----+--------+

Top non-repeatable levels by time:
     D:5: 1363 daAuts
     D:3: 1090 daAuts
     D:2: 1083 daAuts
     D:6: 951 daAuts
     D:1: 947 daAuts
   Sewer: 372 daAuts
     D:4: 307 daAuts
